 Dungeon Crawl Stone Soup version 0.22-a0-283-g1871b15 (webtiles) character file.

123 Amnesiac the Gusty (level 5, -3/28 HPs)
             Began as a Tengu Air Elementalist on Mar 20, 2018.
             Killed by the air
             ... invoked by Amnesiac's ghost
              (23 damage)
             ... on level 3 of the Dungeon.
             The game lasted 00:02:47 (1989 turns).

Amnesiac the Gusty (Tengu Air Elementalist)         Turns: 1989, Time: 00:02:47

Health: -3/28      AC:  2    Str:  8    XL:     5   Next: 7%
Magic:  7/10       EV: 15    Int: 17    God:
Gold:   87         SH:  0    Dex: 14    Spells: 5/10 levels left

rFire    . . .     SeeInvis .   (no weapon)
rCold    . . .     Gourm    .   (no shield)
rNeg     . . .     Faith    .   a - +0 robe
rPois    +         Spirit   .   (helmet restricted)
rElec    .         Reflect  .   (no cloak)
rCorr    .         Harm     .   (no gloves)
MR       .....                  (boots unavailable)
Stlth    ++........             (no amulet)
HPRegen  0.09/turn              j - ring of poison resistance
MPRegen  0.12/turn              (no ring)

@: flying quickly and evasively, quick
A: beak, talons 3, able to fly 1
a: no special abilities


You were on level 3 of the Dungeon.
You were not hungry.

You visited 1 branch of the dungeon, and saw 3 of its levels.

You collected 87 gold pieces.

Inventory:

Armour
 a - a +0 robe (worn)
Jewellery
 j - a ring of poison resistance (left hand)
Scrolls
 d - a scroll of magic mapping {!r, unknown}
 g - a scroll of teleportation {!r, unknown}
 h - a scroll of identify {!r, unknown}
 i - a scroll of remove curse {!r, unknown}
Potions
 b - 2 potions of curing {!q, unknown}
 e - 2 potions of flight {!q, unknown}
Comestibles
 c - 7 rations


   Skills:
 - Level 2.1 Dodging
 - Level 2.0 Stealth
 + Level 3.1 Spellcasting
 - Level 1.3 Conjurations
 * Level 6.5 Air Magic


You had 5 spell levels left.
You knew the following spells:

 Your Spells              Type           Power        Failure   Level  Hunger
a - Shock                 Conj/Air       ###.         3%          1    None
b - Airstrike             Air            ###.......   12%         4    ####...


Dungeon Overview and Level Annotations

Branches:
Dungeon (3/15)

Altars:
Ru

Annotations:
D:3 Amnesiac's ghost, amateur TeAE


Innate Abilities, Weirdness & Mutations

You have a beak for a mouth.
You have claws for feet.
You can fly.


Message History

Aim: a giant cockroach (severely wounded, clinging)
The zap hits the giant cockroach.
You kill the giant cockroach!
Eating one of 6 chunks of flesh.
You eat one of the 6 chunks of flesh.
This raw flesh tastes terrible.
Key pressed, stopping explore.
Casting: Shock (safe; 3% risk of failure)
Confirm with . or Enter, or press ? or * to list all spells.
You can't see any susceptible monsters within range! (Use Z to cast anyway.) Done exploring.
Casting: Shock (safe; 3% risk of failure)
Confirm with . or Enter, or press ? or * to list all spells.
You can't see any susceptible monsters within range! (Use Z to cast anyway.) Done exploring.
Casting: Shock (safe; 3% risk of failure)
Confirm with . or Enter, or press ? or * to list all spells.
You can't see any susceptible monsters within range! (Use Z to cast anyway.) Done exploring.
Casting: Shock (safe; 3% risk of failure)
Confirm with . or Enter, or press ? or * to list all spells.
You can't see any susceptible monsters within range! (Use Z to cast anyway.) Done exploring.
There is a stone staircase leading down here.
You climb downwards.
There is a stone staircase leading up here.
Found a stone staircase leading down.
Casting: Shock (safe; 3% risk of failure)
Confirm with . or Enter, or press ? or * to list all spells.
You can't see any susceptible monsters within range! (Use Z to cast anyway.) Some of the chunks of flesh in your inventory have rotted away.
There is a stone staircase leading down here.
Some of the chunks of flesh in your inventory have rotted away.
Amnesiac's ghost (amateur Tengu Air Elementalist) comes into view.
A frilled lizard comes into view.
The helpless frilled lizard fails to defend itself.
You hit the frilled lizard.
You claw the frilled lizard, but do no damage.
The frilled lizard is heavily wounded.
The frilled lizard completely misses you.
You closely miss the frilled lizard.
The frilled lizard is heavily wounded.
The frilled lizard bites you but does no damage.
You closely miss the frilled lizard.
You kill the frilled lizard!
Found a stone staircase leading down.
All of the chunks of flesh in your inventory have rotted away.
c - 7 rations (gained 1) Amnesiac's ghost turns its malevolent gaze towards you.
You hear a shout!
Amnesiac's ghost points at you and mumbles some strange words.
The zap hits you! The zap misses you.
Press: ? - help, v - describe, . - travel
Here: Amnesiac's ghost The floor.
A kobold comes into view. It is wielding a dagger.
Press: ? - help, v - describe, . - travel
Here: Amnesiac's ghost The floor.
You swoop lightly up into the air.
You feel very comfortable in the air.
You feel somewhat more hungry.
The kobold moves out of view.
Amnesiac's ghost waves its arms in wide circles.
The air twists around and violently strikes you in flight!
Ouch! That really hurt!
You die...

..##.# ####....#
#.......#.# .# #
#.......#.# .#
...#.......#.# .#
...........#.# .#
.......W##.#.# .#
###.##.#.....###.#
##.#@#.#...#.#
#...........>#
##.#.#.#.#.###
###.....#.#
###.###.# #. #.#
#.# #.######.###.#
#.......#.##.#
#.####.###...#


You could see Amnesiac's ghost.

Vanquished Creatures
  An orc wizard (D:2)
  An adder (D:2)
  3 worms (D:2)
  2 adder skeletons (D:2)
  2 dart slugs (D:1)
  A leopard gecko (D:2)
  6 orcs (D:2)
  A ball python (D:2)
  A bat zombie (D:2)
  7 giant cockroaches
  5 hobgoblins
  3 jackals (D:2)
  6 kobolds
  A quokka (D:2)
  4 bats
  5 frilled lizards
  4 goblins
  A leopard gecko zombie (D:2)
  5 rats
59 creatures vanquished.

Notes
Turn   | Place    | Note
-------+----------+-------------------------------------------
     0 | D:1      | Amnesiac the Tengu Air Elementalist began the quest for the Orb.
     0 | D:1      | Reached XP level 1. HP: 10/10 MP: 4/4
    75 | D:1      | Reached XP level 2. HP: 15/15 MP: 0/6
   566 | D:1      | Reached skill level 5 in Air Magic
   638 | D:1      | Reached XP level 3. HP: 19/19 MP: 3/7
  1151 | D:2      | Reached XP level 4. HP: 11/24 MP: 2/9
  1153 | D:2      | Reached skill level 6 in Air Magic
  1235 | D:2      | Learned a level 4 spell: Airstrike
  1274 | D:2      | Found a faded altar of an unknown god.
  1371 | D:2      | Found a sacrificial altar of Ru.
  1646 | D:2      | Gained mutation: You can fly. [Tengu growth]
  1646 | D:2      | Reached XP level 5. HP: 28/28 MP: 2/10
  1950 | D:3      | Noticed Amnesiac's ghost (amateur TeAE)
  1989 | D:3      | Killed from afar by Amnesiac's ghost

Vault maps used:
D:1:      shiori_shiawase
D:2:      lemuel_doored_altar, serial_undead, serial_undead_d, serial_undead_c,
          serial_undead_a, serial_undead_c, serial_undead_a,
          chequers_ecumenical_altar_grove, minivault_26,
          hangedman_decor_diamond_cutter
D:3:      first_ration, minmay_misc_feat_tower, minmay_misc_feat_ornament

Skill      XL: |  1  2  3  4 |
---------------+-------------+-----
Air Magic      | 5 6 |  6.5
Spellcasting   | 3 |  3.1
Dodging        | |  2.1
Stealth        | |  2.0
Conjurations   | |  1.3

Action                   |  1- 3 |  4- 6 || total
-------------------------+-------+-------++-------
Melee: Unarmed           |    12 |    18 ||    30
       Kick              |     2 |     6 ||     8
       Peck              |       |     2 ||     2
 Cast: Shock             |    65 |    59 ||   124
 Abil: Fly               |       |     1 ||     1
 Stab: Sleeping          |       |     1 ||     1
  Eat: Chunk             |     1 |     3 ||     4
Armor: Robe              |    19 |     7 ||    26
Dodge: Dodged            |    35 |    19 ||    54

Table legend:
 A = Spawn XP
 B = Non-spawn XP
 C = Spawn XP percentage of total XP
 D = Spawn monster count
 E = Non-spawn monster count
 F = Spawn count percentage of total count
 G = Total turns spent on level
                    A         B        C        D         E        F      G
               +---------+---------+-------+---------+---------+-------+---------
         Total |       0 |     176 |   0.0 |       0 |      59 |   0.0 |  1989
               +---------+---------+-------+---------+---------+-------+---------
           D:1 |       0 |      34 |   0.0 |       0 |      20 |   0.0 |   781
           D:2 |       0 |     141 |   0.0 |       0 |      38 |   0.0 |  1131
           D:3 |       0 |       1 |   0.0 |       0 |       1 |   0.0 |    77
               +---------+---------+-------+---------+---------+-------+---------
